 Dungeon Crawl Stone Soup version 0.31-a0-977-gc230f8ef24 (webtiles) character file.

Game seed: 12043811023659702016

243 mightbedylan the Sneak (level 5, 0/24 HPs)
             Began as a Spriggan Venom Mage on Oct 30, 2023.
             Slain by Grinder (6 damage)
             ... on level 3 of the Dungeon.
             The game lasted 00:26:23 (3541 turns).

mightbedylan the Sneak (Spriggan Venom Mage)        Turns: 3541, Time: 00:26:23

Health: 0/24       AC:  3    Str:  1 (4)  XL:     5   Next: 82%
Magic:  2/12       EV: 18    Int: 18 (19) God:
Gold:   95         SH:  0    Dex: 14 (15) Spells: 6/12 levels left

rFire   . . .        c - +0 dagger
rCold   . . .        (no shield)
rNeg    . . .        a - +0 robe
rPois   .            (helmet restricted)
rElec   .            d - +0 cloak
rCorr   .            (gloves unavailable)
SInv    +            (boots unavailable)
Will    .....        (no amulet)
Stlth   +++          (no ring)
HPRegen 0.24/turn    (no ring)
MPRegen 0.13/turn

%: no passive effects
@: mighty, very slightly contaminated, very quick
A: very small, no large weapons, unfitting armour, see invisible, speed 3
a: no special abilities


You were on level 3 of the Dungeon.
You visited 1 branch of the dungeon, and saw 3 of its levels.

You collected 95 gold pieces.

Inventory:

Hand Weapons
 c - a +0 dagger (weapon)
Armour
 a - a +0 robe (worn)
 d - a +0 cloak (worn)
Jewellery
 f - a ring of fire
 i - an amulet of guardian spirit
Potions
 g - a potion of degeneration


   Skills:
 + Level 4.3 Dodging
 + Level 5.0 Stealth
 + Level 4.0 Spellcasting
 + Level 3.5 Transmutations
 + Level 4.0 Poison Magic


You had 6 spell levels left.
You knew the following spells:

 Your Spells              Type           Power      Damage    Failure   Level
a - Sting                 Tmut/Pois      68%        1d6       3%          1
b - Poisonous Vapours     Pois/Air       20%        N/A       10%         2
c - Necrotise             Necr           12%        1d4       14%         1
d - Passwall              Tmut/Erth      8%         N/A       11%         2

Your spell library contained the following spells:

 Spells                   Type           Power      Damage    Failure   Level
 Freeze                   Ice            12%        1d3       14%         1
 Ensorcelled Hibernation  Hex/Ice        6%         N/A       22%         2
 Mephitic Cloud           Conj/Pois/Air  8%         N/A       26%         3
 Olgreb's Toxic Radiance  Pois           18%        N/A       28%         4
 Frozen Ramparts          Ice            6%         1d1       41%         3
 Hailstorm                Conj/Ice       3%         3d3       41%         3
 Swiftness                Air            3%         N/A       41%         3
 Vampiric Draining        Necr           3%         2d6       41%         3
 Agony                    Necr           3%         N/A       99%         5


Dungeon Overview and Level Annotations

Branches:
Dungeon (3/15)

Altars:
Fedhas
Gozag
Kikubaaqudgha

Annotations:
D:3 Grinder; Ijyb; Phlounder's ghost, amateur HOMo


Innate Abilities, Weirdness & Mutations

You are very small and have problems with some larger weapons.
You are too small for most types of armour.
You have supernaturally acute eyesight. (SInv)
You cover ground extremely quickly. (Speed+++)


Message History

A kobold comes into view. It is wielding a +0 whip.
Ijyb zaps a wand.
The roots erupt in riotous growth!
The grasping roots grab you! The grasping roots constrict you.
* * * LOW HITPOINT WARNING * * *
Phlounder's ghost whispers, "Death is liberation."
You hear an angry hiss.
It was a potion of degeneration.
There was something very wrong with that liquid.
You feel weakened.
You feel dopey.
You feel clumsy. The grasping roots constrict you.
* * * LOW HITPOINT WARNING * * *
Unknown command.
You aren't carrying any scrolls.
It was a potion of might.
You feel very mighty all of a sudden. The grasping roots constrict you.
* * * LOW HITPOINT WARNING * * *
It was a potion of curing.
You feel better. Grinder misses you. Ijyb screams, "Me kill you!"
Ijyb hits you with a +0 dagger.
* * * LOW HITPOINT WARNING * * *
The grasping roots constrict you.
* * * LOW HITPOINT WARNING * * *
The grasping roots release their grip on you.
Grinder attacks as she pursues you! Grinder closely misses you.
Found a scroll labelled KIEMENNAMUTZ.
Found 17 gold pieces.
You see here a scroll labelled KIEMENNAMUTZ.
b - a scroll labelled KIEMENNAMUTZ
As you read the scroll labelled KIEMENNAMUTZ, it crumbles to dust.
It is a scroll of identify.
You don't currently have any unidentified items.
Grinder misses you.
There are monsters nearby!
You puncture Grinder!
Grinder is moderately wounded.
Grinder hits you.
You die...
Grinder says, "Now the real fun starts!"

###.#..#####..#o...W
....##.# #...©#J...©
....##.# #.#..#b....
.....#.###.#..#W.#..
.. #..........#8o.#.
....###.....#).##....
#...Kg####...#####
#..##5## #........ #
#@.# #........ ##.#
#.#...<.? #.# ....
... #..# ##.# .# .$


You could see Grinder, Ijyb (poisoned) and a kobold.

Vanquished Creatures
  A hound (D:3)
  An iguana (D:2)
  Natasha (thrice) (D:2)
  Robin (D:2)
  3 adders (D:2)
  2 worms
  A dart slug (D:1)
  An orc (D:3)
  2 ball pythons
  5 endoplasms
  A giant cockroach (D:2)
  8 goblins
  9 hobgoblins
  4 jackals
  4 kobolds
  3 quokkas
  11 bats
  4 frilled lizards (D:1)
  2 rats
66 creatures vanquished.

Notes
Turn   | Place    | Note
-------+----------+-------------------------------------------
     0 | D:1      | mightbedylan the Spriggan Venom Mage began the quest for
                  | the Orb.
     0 | D:1      | Reached XP level 1. HP: 9/9 MP: 5/5
   254 | D:1      | Reached XP level 2. HP: 10/13 MP: 0/6
   980 | D:1      | Found a faded altar of an unknown god.
  1509 | D:2      | Learned a level 2 spell: Poisonous Vapours
  1511 | D:2      | Learned a level 1 spell: Necrotise
  1514 | D:2      | Reached XP level 3. HP: 16/16 MP: 4/8
  1551 | D:2      | Noticed Natasha
  1578 | D:2      | Killed Natasha
  1625 | D:2      | Reached skill level 4 in Stealth
  1743 | D:2      | Noticed Natasha
  1751 | D:2      | Reached XP level 4. HP: 9/21 MP: 7/10
  1789 | D:2      | Killed Natasha
  1918 | D:2      | Learned a level 2 spell: Passwall
  2000 | D:2      | Reached XP level 5. HP: 21/24 MP: 5/11
  2337 | D:2      | Noticed Natasha
  2351 | D:2      | Killed Natasha
  2820 | D:2      | Noticed Robin
  2859 | D:2      | Killed Robin
  3213 | D:3      | Reached skill level 5 in Stealth
  3420 | D:3      | Found an opulent altar of Gozag.
  3421 | D:3      | Found a blossoming altar of Fedhas.
  3421 | D:3      | Found an ancient bone altar of Kikubaaqudgha.
  3473 | D:3      | Noticed Grinder
  3494 | D:3      | Paralysed by Grinder for 2 turns
  3516 | D:3      | Noticed Phlounder's ghost (amateur HOMo)
  3520 | D:3      | Noticed Ijyb
  3541 | D:3      | Slain by Grinder

Illustrated notes

Levels and vault maps discovered:
D:1:      dpeg_arrival_pits, layout_loops_corners, serial_co_window_serial,
          co_window_corner_a, co_window_of_opportunity_a, co_window_paths_a,
          co_window_corner_a, co_window_corner_a, co_window_corner_b,
          co_window_unsneaky_path_d, co_window_2corner, co_window_sun,
          glass_columns_b, glass_columns_a, glass_columns_c,
          ebering_ecumenical_altar_petrified, kennysheep_pointless_box
D:2:      layout_basic, chequers_arboretum, minmay_pentomino_z2, uniq_robin,
          uniq_natasha
D:3:      layout_rooms, chequers_temple_overflow_statue_of_worship,
          gammafunk_ghost_arena, serial_bayou_pond_d, uniq_pargi, uniq_grinder,
          uniq_ijyb

Skill      XL: |  1  2  3  4  5 |
---------------+----------------+-----
Dodging        | 3 4 |  4.3
Spellcasting   | 3 4 |  4.0
Transmutations | 2 3 |  3.5
Stealth        | 4 5 |  5.0
Poison Magic   | 4 |  4.0

Action                     |  1- 3 |  4- 6 || total
---------------------------+-------+-------++-------
  Melee: Dagger            |    54 |    52 ||   106
   Cast: Sting             |    38 |    28 ||    66
         Poisonous Vapours |     4 |    42 ||    46
         Necrotise         |       |     9 ||     9
         Passwall          |       |     3 ||     3
    Use: Potion            |       |     5 ||     5
         Scroll            |       |     4 ||     4
   Stab: Sleeping          |     2 |       ||     2
 Armour: Robe              |    18 |    19 ||    37
  Dodge: Dodged            |    49 |    47 ||    96

Table legend: (Time is in decaauts)
 A = Elapsed time spent in this place.
 B = Non-inter-level travel time spent in this place.
 C = Inter-level travel time spent in this place.
 D = Time resting spent in this place.
 E = Time spent auto-exploring this place.
 F = Levels seen in this place.
 G = Mean time per level.
                   A        B        C        D        E       F      G
               +--------+--------+--------+--------+--------+-----+--------+
         Total |   2717 |   2692 |     25 |    163 |   1959 |   3 |  905.7 |
       Dungeon |   2717 |   2692 |     25 |    163 |   1959 |   3 |  905.7 |
               +--------+--------+--------+--------+--------+-----+--------+

Top non-repeatable levels by time:
     D:2: 1383 daAuts
     D:1: 1033 daAuts
     D:3: 301 daAuts
